 Dungeon Crawl Stone Soup version 0.23-a0-404-g0063841 (webtiles) character file.

21 galech the Skirmisher (level 2, -3/24 HPs)
             Began as a Demonspawn Fighter on Nov 5, 2018.
             Slain by a gnoll
             ... wielding a +0 spear
              (5 damage)
             ... on level 2 of the Dungeon.
             The game lasted 00:00:41 (710 turns).

galech the Skirmisher (Demonspawn Fighter)           Turns: 710, Time: 00:00:41

Health: -3/24      AC:  8    Str: 16    XL:     2   Next: 62%
Magic:  11/11      EV:  6    Int:  9    God:
Gold:   35         SH:  8    Dex: 12    Spells: 1/1 levels left

rFire    . . .     SeeInvis .   a - +0 war axe
rCold    . . .     Gourm    .   c - +0 shield
rNeg     . . .     Faith    .   b - +0 scale mail
rPois    .         Spirit   .   (no helmet)
rElec    .         Reflect  .   (no cloak)
rCorr    +         Harm     .   (no gloves)
MR       .....                  (no boots)
Stlth    ..........             (no amulet)
HPRegen  0.08/turn              l - ring of magical power
MPRegen  0.12/turn              n - ring of resist corrosion

@: no status effects
A: slimy green scales 1
a: no special abilities


You were on level 2 of the Dungeon.
You were not hungry.

You visited 1 branch of the dungeon, and saw 2 of its levels.

You collected 35 gold pieces.

Inventory:

Hand Weapons
 a - a +0 war axe (weapon)
Armour
 b - a +0 scale mail (worn)
 c - a +0 shield (worn)
Jewellery
 l - a ring of magical power (left hand)
 n - a ring of resist corrosion (right hand)
Scrolls
 i - 2 scrolls of remove curse {unknown}
 j - a scroll of teleportation {unknown}
 m - a scroll of identify {unknown}
 o - 2 scrolls of immolation {unknown}
Potions
 d - a potion of might
 e - a potion of curing {unknown}
 h - 2 potions of brilliance {unknown}
 k - a potion of haste {unknown}
Comestibles
 f - a ration


   Skills:
 + Level 3.1 Fighting
 + Level 2.1 Axes
 + Level 3.1 Armour
 + Level 2.8 Shields


You had one spell level left.
You didn't know any spells.
Your spell library was empty.

Dungeon Overview and Level Annotations

Branches:
Dungeon (2/15)

Altars:


Innate Abilities, Weirdness & Mutations

You are partially covered in slimy green scales. (AC +2)


Message History

The gnoll is almost dead.
The gnoll hits you but does no damage.
You barely miss the gnoll.
The gnoll is almost dead.
The gnoll hits you but does no damage. You block the gnoll's attack.
You barely miss the gnoll.
The gnoll is almost dead.
You block the gnoll's attack.
Your scale mail prevents you from hitting the gnoll.
The gnoll is almost dead.
The gnoll hits you with a +0 spear.
* * * LOW HITPOINT WARNING * * *
The gnoll hits you but does no damage.
Your shield prevents you from hitting the gnoll.
The gnoll is almost dead.
You block the gnoll's attack.
You closely miss the gnoll.
The gnoll is almost dead.
The gnoll hits you with a +0 spear.
You die...

#...# #..## ##
.#..# #... ###.##
... .#.>.# # ..##
#..#<#### #. ...
##..)..># .. #.# #
###.####
#.##.##.##.# ##.##
#.g@.......# #...#
####.######
###...###########.#
#.......#... ...#.#
#.......#.#####.#.#
#..)..............#
###...###.#####.###
......# #.#####.#
.###### #.......#


You could see a gnoll.

Vanquished Creatures
  An ooze (D:1)
  2 dart slugs (D:1)
  2 goblins
  A hobgoblin (D:1)
  2 bats (D:1)
  A frilled lizard (D:1)
  3 kobolds
  A rat (D:2)
13 creatures vanquished.

Notes
Turn   | Place    | Note
-------+----------+-------------------------------------------
     0 | D:1      | galech the Demonspawn Fighter began the quest for the Orb.
     0 | D:1      | Reached XP level 1. HP: 18/18 MP: 1/1
    95 | D:1      | Gained mutation: You are partially covered in slimy green
                  | scales. (AC +2) [demonic ancestry]
    95 | D:1      | Reached XP level 2. HP: 24/24 MP: 2/2
   710 | D:2      | Slain by a gnoll

Vault maps used:
D:1:      scummos_arrival_gate
D:2:      minmay_roachtagon, lemuel_coloured_pillars_altar,
          minmay_misc_feat_rugged

Skill      XL: |  1  2 |
---------------+-------+-----
Armour         | 3 |  3.1
Axes           | 2 |  2.1
Fighting       | |  3.1
Shields        | |  2.8

Action                   || total
-------------------------++-------
Melee: War axe           ||    57
Armor: Scale mail        ||    35
Dodge: Dodged            ||    13
Block: Shield            ||    26

Table legend:
 A = Non-vault XP
 B = Vault XP
 C = Vault XP percentage of total XP
 D = Non-vault monster count
 E = Vault monster count
 F = Vault count percentage of total count
                 A         B        C        D         E       F
            +---------+---------+-------+---------+---------+-------
      Total |      30 |       0 |   0.0 |      13 |       0 |   0.0
            +---------+---------+-------+---------+---------+-------
        D:1 |      25 |       0 |   0.0 |      10 |       0 |   0.0
        D:2 |       5 |       0 |   0.0 |       3 |       0 |   0.0
            +---------+---------+-------+---------+---------+-------
